 Dungeon Crawl Stone Soup version 0.25.1-8-g42b30a86e7 (webtiles) character file.

Game seed: 10501933959783282460

3065 DearestLeader the Cleaver (level 9, -10/74 HPs)
             Began as a Minotaur Fighter on Dec 2, 2020.
             Was an Elder of Okawaru.
             Mangled by an ogre
             ... wielding a +0 giant spiked club
              (12 damage)
             ... on level 9 of the Dungeon.
             The game lasted 00:13:03 (7401 turns).

DearestLeader the Cleaver (Minotaur Fighter)        Turns: 7401, Time: 00:13:04

Health: -10/74     AC: 12    Str: 23    XL:     9   Next: 57%
Magic:  8/8        EV:  5    Int:  5    God:    Okawaru [****..]
Gold:   423        SH: 10    Dex: 11    Spells: 8/8 levels left

rFire    . . .     SeeInvis .   J - +4 war axe
rCold    + . .     Gourm    .   c - +0 kite shield
rNeg     . . .     Faith    .   E - +0 plate armour
rPois    .         Spirit   .   (helmet restricted)
rElec    .         Reflect  .   (no cloak)
rCorr    .         Harm     .   (no gloves)
MR       .....                  (no boots)
Stlth    ..........             (no amulet)
HPRegen  0.22/turn              y - ring of flight
MPRegen  0.11/turn              u - ring of protection from cold

@: no status effects
A: retaliatory headbutt, horns 2
a: Heroism, Renounce Religion, Evoke Flight


You were on level 9 of the Dungeon.
You worshipped Okawaru.
Okawaru was greatly pleased with you.
You were near starving.

You visited 1 branch of the dungeon, and saw 9 of its levels.

You collected 423 gold pieces.

Inventory:

Hand Weapons
 F - a +0 battleaxe
 J - a +4 war axe (weapon)
Missiles
 h - 61 poisoned darts (quivered)
Armour
 c - a +0 kite shield (worn)
 E - a +0 plate armour (worn)
Jewellery
 q - an uncursed ring of magical power
 u - a ring of protection from cold (right hand)
 w - an uncursed ring of magical power
 y - a ring of flight (left hand)
 z - an uncursed ring of magical power
 K - a +6 ring of intelligence {unknown}
Wands
 s - a wand of acid (5)
Scrolls
 e - 2 scrolls of immolation
 i - 3 scrolls of enchant weapon
 l - 2 scrolls of fog {unknown}
 m - 2 scrolls of identify
 n - 2 scrolls of noise {unknown}
 p - 3 scrolls of teleportation
 r - 2 scrolls of fear {unknown}
 t - 2 scrolls of magic mapping {unknown}
 v - 4 scrolls of amnesia
 x - 3 scrolls of remove curse {unknown}
 A - 2 scrolls of blinking {unknown}
 C - a scroll of acquirement {unknown}
 H - a scroll of summoning {unknown}
 I - a scroll of enchant armour {unknown}
Potions
 b - 2 potions of lignification
 d - 3 potions of might
 g - 2 potions of haste {unknown}
 j - a potion of berserk rage {unknown}
 k - 3 potions of curing
 o - 2 potions of stabbing {unknown}
 B - a potion of brilliance {unknown}
 G - a potion of heal wounds {unknown}
Comestibles
 f - 15 rations


   Skills:
 - Level 5.1 Fighting
 * Level 13.5 Axes
 + Level 6.2 Armour
 + Level 6.1 Shields


You had 8 spell levels left.
You didn't know any spells.
Your spell library contained the following spells:

 Spells                   Type           Power        Failure   Level  Hunger
 Animate Skeleton         Necr           N/A          100%        1    ##.....
 Apportation              Tloc           #.....       100%        1    ##.....
 Corona                   Hex            #......      100%        1    ##.....
 Freeze                   Ice            #...         100%        1    ##.....
 Summon Small Mammal      Summ           #...         100%        1    ##.....
 Frozen Ramparts          Ice            #.....       100%        3    ####...
 Ozocubu's Armour         Chrm/Ice       #.......     100%        3    ####...
 Hailstorm                Conj/Ice       #.......     100%        4    #####..
 Summon Ice Beast         Ice/Summ       #.......     100%        4    #####..


Dungeon Overview and Level Annotations

Branches:
Dungeon (9/15)             Temple (0/1) D:4            Lair (0/6) D:9
    Orc: D:9-12

Altars:
Cheibriados
Fedhas
Kikubaaqudgha
Nemelex Xobeh
Okawaru
Uskayaw
Wu Jian
Zin

Shops:
D:7 (


Innate Abilities, Weirdness & Mutations

You reflexively headbutt those who attack you in melee.
You have a pair of horns on your head.


Message History

You block the two-headed ogre's attack. The jelly hits you but does no damage.
You slash the two-headed ogre!
You headbutt the two-headed ogre, but do no damage.
The two-headed ogre is heavily wounded.
You slash the jelly!
Your hands burn!
You block the two-headed ogre's attack. x2
Your shield prevents you from hitting the two-headed ogre.
The two-headed ogre is heavily wounded.
You slash the jelly!
You kill the jelly!
Okawaru accepts your kill.
Your life force feels restored.
You hit the two-headed ogre.
The two-headed ogre is severely wounded.
You completely miss the ogre.
The two-headed ogre hits you with a +0 giant club!
* * * LOW HITPOINT WARNING * * *
The two-headed ogre hits you with a +0 giant club!
* * * LOW HITPOINT WARNING * * *
The ogre hits you with a +0 giant spiked club!
You die...

≈≈........<........###....
..................###....
.................###....
..............(........
..........(........
........†(.........
........(..........
..#...(###........
##..@###......>.
#..OO###........
...................
....J.............
.................
................
.............##
.............##


You could see a two-headed ogre, an ogre and a jelly.

Vanquished Creatures
  Joseph (D:9)
  Sigmund (D:5)
  3 orc warriors
  2 ice beasts (D:8)
  2 ogres
  2 centaurs
  Blork the orc (D:5)
  4 bullfrogs
  2 scorpions (D:8)
  3 killer bees (D:9)
  3 wights (D:9)
  An electric eel (D:9)
  A crimson imp (D:8)
  4 jellies
  A gnoll shaman (D:7)
  5 hounds
  3 orc wizards
  5 orc priests
  An iguana (D:7)
  Terence (D:2)
  4 worker ants
  A killer bee zombie (D:5)
  A hound zombie (D:7)
  2 hound skeletons
  11 gnolls
  11 adders
  An ooze (D:3)
  A worm (D:2)
  7 leopard geckos
  18 orcs
  A ball python (D:7)
  9 bats
  8 giant cockroaches
  8 goblins
  8 hobgoblins
  4 kobolds
  A quokka (D:8)
  7 frilled lizards
  A jackal skeleton (D:4)
  A quokka skeleton (D:4)
  A quokka zombie (D:7)
  8 rats
160 creatures vanquished.

Notes
Turn   | Place    | Note
-------+----------+-------------------------------------------
     0 | D:1      | DearestLeader the Minotaur Fighter began the quest for the
                  | Orb.
     0 | D:1      | Reached XP level 1. HP: 19/19 MP: 0/0
     3 | D:1      | Noticed an electric eel
     3 | D:1      | Noticed an electric eel
    65 | D:1      | Reached skill level 3 in Axes
    65 | D:1      | Reached XP level 2. HP: 26/26 MP: 1/1
   708 | D:2      | Reached XP level 3. HP: 31/31 MP: 2/2
   760 | D:2      | Found a snail-covered altar of Cheibriados.
   760 | D:2      | Found a glowing silver altar of Zin.
   830 | D:2      | Found an ornate altar of the Wu Jian Council.
   867 | D:2      | Reached skill level 4 in Axes
   875 | D:2      | Noticed Terence
  1156 | D:2      | Reached XP level 4. HP: 40/40 MP: 3/3
  1226 | D:2      | Killed Terence
  1405 | D:2      | Reached skill level 5 in Axes
  1417 | D:2      | Reached XP level 5. HP: 44/47 MP: 4/4
  1791 | D:3      | Reached skill level 6 in Axes
  1825 | D:3      | Reached skill level 5 in Fighting
  1974 | D:3      | Reached XP level 6. HP: 51/56 MP: 5/5
  2423 | D:4      | Found an iron altar of Okawaru.
  2434 | D:4      | Became a worshipper of Warmaster Okawaru
  2441 | D:4      | Reached skill level 7 in Axes
  2641 | D:4      | Found a staircase to the Ecumenical Temple.
  3205 | D:5      | Entered Level 5 of the Dungeon
  3386 | D:5      | Reached XP level 7. HP: 58/61 MP: 6/6
  3555 | D:5      | Reached skill level 5 in Armour
  3570 | D:5      | Noticed Blork the orc
  3576 | D:5      | Killed Blork the orc
  3576 | D:5      | Reached * piety under Okawaru
  3576 | D:5      | Reached skill level 8 in Axes
  3615 | D:5      | Noticed Sigmund
  3625 | D:5      | Killed Sigmund
  3866 | D:6      | Reached skill level 9 in Axes
  3866 | D:6      | Reached skill level 5 in Shields
  4044 | D:6      | Reached ** piety under Okawaru
  4044 | D:6      | Reached XP level 8. HP: 50/68 MP: 7/7
  4450 | D:6      | Reached skill level 10 in Axes
  4841 | D:7      | Found a hide-covered altar of Uskayaw.
  4959 | D:7      | Found Ohithade's Antique Weapon Emporium.
  5001 | D:7      | Found a sparkling altar of Nemelex Xobeh.
  5133 | D:7      | Reached skill level 11 in Axes
  5245 | D:7      | Found a blossoming altar of Fedhas.
  5340 | D:8      | Reached *** piety under Okawaru
  5361 | D:8      | Reached skill level 12 in Axes
  5681 | D:8      | Reached XP level 9. HP: 74/74 MP: 8/8
  6490 | D:8      | Found an ancient bone altar of Kikubaaqudgha.
  6577 | D:9      | Noticed Joseph
  6596 | D:9      | Killed Joseph
  6596 | D:9      | Reached skill level 13 in Axes
  6733 | D:9      | Found a staircase to the Lair.
  7392 | D:9      | Noticed a two-headed ogre
  7400 | D:9      | Reached **** piety under Okawaru
  7401 | D:9      | HP: 2/74 [two-headed ogre/+0 giant club (10)]
  7401 | D:9      | Mangled by an ogre

Illustrated notes

Levels and vault maps discovered:
D:1:      arrival_aquarium_b, layout_rooms
D:2:      layout_rooms, lemuel_coloured_pillars_altar,
          gammafunk_temple_overflow_elements, minmay_statues_item, st_stairs_5,
          uniq_terence
D:3:      layout_basic, first_ration
D:4:      layout_gridville, nicolae_overflow_crystal_walls,
          minmay_temple_entry_sparse_star
D:5:      layout_basic, uniq_sigmund, uniq_blork_the_orc
D:6:      layout_rooms
D:7:      layout_rooms, kennysheep_mini, lemuel_doored_altar, fedhas_altar_3,
          serial_shops, shop
D:8:      layout_cave_pods, kennysheep_mini_moat
D:9:      layout_big_octagon, serial_rivers, chequers_serial_rivers_micro_d,
          chequers_serial_rivers_room_a, chequers_serial_rivers_large_a,
          chequers_serial_rivers_marsh, blue_anna_alchemist
          [blue_anna_fruit_fields, blue_anna_fruit_fields], tgw_xom, uniq_joseph

Skill      XL: |  1  2  3  4  5  6  7  8  9 |
---------------+----------------------------+-----
Axes           | 3 4 5 6 7 9 12 13 | 13.5
Shields        | 4 5 6 |  6.1
Armour         | 4 5 6 |  6.2
Fighting       | 4 5 |  5.1

Action                   |  1- 3 |  4- 6 |  7- 9 || total
-------------------------+-------+-------+-------++-------
Melee: War axe           |    72 |   135 |   245 ||   452
       Headbutt          |    11 |    21 |    46 ||    78
       Mace              |       |     1 |    15 ||    16
Invok: Heroism           |       |       |     1 ||     1
  Use: Scroll            |       |     4 |     1 ||     5
       Potion            |       |       |     2 ||     2
  Eat: Chunk             |     1 |     7 |    11 ||    19
Armor: Scale mail        |    18 |       |       ||    18
       Chain mail        |     7 |    72 |    21 ||   100
       Plate armour      |       |       |    87 ||    87
Dodge: Dodged            |    22 |    20 |    44 ||    86
Block: Kite shield       |    44 |    65 |   131 ||   240
